 Dungeon Crawl Stone Soup version 0.27-a0-660-g90476cec82 (webtiles) character file.

Game seed: 1854300812834716062

317 jasper the Caller (level 6, 0/50 HPs)
             Began as a Hill Orc Summoner on Mar 16, 2021.
             Slain by an ogre
             ... wielding a +0 giant club
              (24 damage)
             ... on level 3 of the Dungeon.
             The game lasted 00:08:41 (4010 turns).

jasper the Caller (Hill Orc Summoner)               Turns: 4010, Time: 00:08:41

Health: 0/50       AC:  7    Str: 11    XL:     6   Next: 44%
Magic:  1/8        EV: 10    Int: 17    God:
Gold:   172        SH:  0    Dex: 11    Spells: 2/8 levels left

rFire    + . .     SeeInvis .   m - +1 war axe
rCold    . . .     Faith    .   (no shield)
rNeg     . . .     Spirit   .   t - +0 ring mail
rPois    .         Reflect  .   (no helmet)
rElec    .         Harm     .   l - +0 cloak
rCorr    .         Rampage  .   g - +0 pair of gloves
Will     .....                  (no boots)
Stlth    +.........             (no amulet)
HPRegen  0.16/turn              b - +4 ring of slaying
MPRegen  0.11/turn              h - ring of protection from fire

@: no status effects
A: no striking features
a: no special abilities


You were on level 3 of the Dungeon.
You visited 1 branch of the dungeon, and saw 4 of its levels.

You collected 172 gold pieces.

Inventory:

Hand Weapons
 d - a +0 spear
 f - a +0 hand axe
 m - a +1 war axe (weapon)
Missiles
 q - 34 poisoned darts
Armour
 a - a +0 robe
 g - a +0 pair of gloves (worn)
 k - a +0 leather armour
 l - a +0 cloak (worn)
 t - a +0 ring mail (worn)
Jewellery
 b - a +4 ring of slaying (right hand)
 e - an amulet of faith
 h - a ring of protection from fire (left hand)
 j - a ring of positive energy
Potions
 c - a potion of curing
 i - a potion of degeneration {unknown}
 n - 2 potions of lignification
 o - a potion of flight {unknown}
 p - a potion of attraction {unknown}


   Skills:
 + Level 2.8 Fighting
 * Level 4.7 Axes
 + Level 2.5 Armour
 - Level 1.5 Dodging
 - Level 1.5 Stealth
 - Level 1.5 Spellcasting
 + Level 5.3 Summonings


You had 2 spell levels left.
You knew the following spells:

 Your Spells              Type           Power      Damage    Failure   Level
b - Call Imp              Summ           19%        N/A       9%          2
c - Summon Lightning Spi  Summ/Air       10%        N/A       85%         4

Your spell library contained the following spells:

 Spells                   Type           Power      Damage    Failure   Level
 Summon Small Mammal      Summ           76%        N/A       5%          1
 Call Canine Familiar     Summ           19%        N/A       16%         3
 Summon Guardian Golem    Hex/Summ       10%        N/A       43%         3
 Summon Ice Beast         Ice/Summ       10%        N/A       85%         4


Dungeon Overview and Level Annotations

Branches:
Dungeon (4/15)
 Temple: D:4-7

Altars:
Dithmenos
Makhleb
Nemelex Xobeh
Sif Muna
Vehumet

Annotations:
D:4 Pikel


Message History

A beastly little devil appears in a puff of flame.
The ogre barely misses you.
You now have 0/8 mp.
You swap places.
The ogre completely misses your crimson imp.
Your crimson imp closely misses the ogre.
The ogre misses your crimson imp.
Your crimson imp hits the ogre. x2
The ogre barely misses your crimson imp.
Your crimson imp hits the ogre but does no damage.
Your crimson imp hits the ogre.
The ogre barely misses your crimson imp.
Your crimson imp hits the ogre.
Your crimson imp blinks!
The ogre hits your crimson imp with a +0 giant club!!
Your crimson imp dies!
You aren't carrying any items that you can evoke without wielding.
Okay, then.
Casting: Call Imp (safe; 9% risk of failure)
Press: ? - help, Q - select action, (/) - cycle Dir - look around, f - activate You miscast Call Imp.
You are very lightly contaminated with residual magic.
Nothing appears to happen.
You now have 0/8 mp.
Your crimson imp blinks!
Your magical contamination has completely faded away.
You slash the ogre!
The ogre is severely wounded.
The ogre hits you but does no damage.
Your crimson imp barely misses the ogre.
You closely miss the ogre.
The ogre is severely wounded.
The ogre hits you with a +0 giant club.
Your crimson imp blinks!
You take 4 damage, and have 24/50 hp.
You hit the ogre.
The ogre is severely wounded.
The ogre misses you.
The ogre hits you with a +0 giant club!!
You die...

#### #.##.# #.# # #
#.##.# #.# #
##########.##.# #.#
# ...........##.#
#.# ####
.############.# #.#
#...
...########.#.######
##.# #.##
...........#.......#
#..# #.#
....####...........#
#.## #.# ###.#
#.##.###O@..####.###
#.# ..#.# #.##.#
#.#.........# #.#
#.#.# #.##.#
#5######.##.# #.#
#.#.# #.##.# #.#
#.##.# #.# #.#.#
#.##.# #.# #.##.#
#.# #.#.####....#
#.# #.##.# #.#
......#####.# #.#
#.##.# #†#
............# #.#
#.##.# #.#
....#####.#.# #.#
#....# #.#


You could see an ogre (ally target) and a friendly crimson imp (summoned).

Vanquished Creatures
  A phantom (D:4)
  A lemure (D:4)
  A hound (D:4)
  6 adders
  2 gnolls (D:2)
  An ooze (D:2)
  A dart slug (D:3)
  2 leopard geckos
  7 orcs
  13 bats
  A giant cockroach (D:2)
  5 hobgoblins
  4 jackals
  2 kobolds
  4 frilled lizards
  5 goblins
  A leopard gecko skeleton (D:4)
  9 rats
66 creatures vanquished.

Vanquished Creatures (collateral kills)
  A quasit (D:3)
  2 gnolls (D:2)
  2 adders (D:3)
  A worm (D:2)
  A dart slug (D:1)
  A leopard gecko (D:3)
  An orc (D:3)
  2 giant cockroaches
  4 goblins
  3 hobgoblins
  3 jackals (D:1)
  A quokka (D:4)
  A frilled lizard (D:3)
  3 rats
26 creatures vanquished.

Grand Total: 92 creatures vanquished

Notes
Turn   | Place    | Note
-------+----------+-------------------------------------------
     0 | D:1      | jasper the Hill Orc Summoner began the quest for the Orb.
     0 | D:1      | Reached XP level 1. HP: 14/14 MP: 3/3
   622 | D:1      | Reached XP level 2. HP: 20/20 MP: 4/4
   630 | D:1      | Learned a level 2 spell: Call Imp
  1342 | D:2      | Reached skill level 1 in Axes
  1342 | D:2      | Reached XP level 3. HP: 27/27 MP: 2/5
  1637 | D:2      | Found a sparkling altar of Nemelex Xobeh.
  1772 | D:2      | Found a radiant altar of Vehumet.
  1779 | D:2      | Reached skill level 1 in Fighting
  1928 | D:2      | Reached skill level 1 in Armour
  1985 | D:2      | Reached XP level 4. HP: 35/35 MP: 6/6
  2212 | D:2      | Found a burning altar of Makhleb.
  2800 | D:3      | Reached XP level 5. HP: 36/41 MP: 2/7
  2810 | D:3      | Learned a level 4 spell: Summon Lightning Spire
  2848 | D:3      | You fall into a shaft and drop 1 floor!
  2852 | D:4      | Noticed Pikel
  2853 | D:4      | Noticed a lemure
  2855 | D:4      | Noticed a lemure
  2855 | D:4      | Noticed a phantom
  2857 | D:4      | Noticed a lemure
  2858 | D:4      | Noticed a lemure
  2867 | D:4      | Killed a phantom
  2868 | D:4      | Reached skill level 5 in Summonings
  2868 | D:4      | Reached XP level 6. HP: 34/50 MP: 3/8
  3303 | D:3      | Found a shadowy altar of Dithmenos.
  3951 | D:3      | Found a shimmering blue altar of Sif Muna.
  4010 | D:3      | Slain by an ogre

Illustrated notes

Levels and vault maps discovered:
D:1:      amcnicky_arrival_flooded_fountain, layout_rooms
D:2:      layout_rooms, nicolae_overflow_hidden_temple,
          nicolae_vehumet_radiance, overflow_temple_1_default
D:3:      layout_loops_ring, nicolae_dithmenos_through_a_glass_darkly,
          lemuel_round_altar, st_stairs_6, minmay_misc_feat_nine_boxes
D:4:      layout_rooms, kennysheep_mini_moat, portal_sewer_entry_c,
          minmay_fractal_squares_gapless_5, uniq_pikel, uniq_eustachio

Skill      XL: |  1  2  3  4  5 |
---------------+----------------+-----
Axes           | 1 2 3 4 |  4.7
Fighting       | 1 2 |  2.8
Armour         | 1 2 |  2.5
Summonings     | 5 |  5.3
Dodging        | |  1.5
Stealth        | |  1.5
Spellcasting   | |  1.5

Action                   |  1- 3 |  4- 6 || total
-------------------------+-------+-------++-------
Melee: Unarmed           |    16 |       ||    16
       Spear             |    20 |       ||    20
       Hand axe          |    31 |       ||    31
       War axe           |    27 |    81 ||   108
 Cast: Summon Small Mamm |    24 |       ||    24
       Call Imp          |    17 |    34 ||    51
  Use: Scroll            |       |     9 ||     9
       Potion            |       |     4 ||     4
 Stab: Sleeping          |     1 |     1 ||     2
Armor: Robe              |    17 |       ||    17
       Leather armour    |    14 |       ||    14
       Ring mail         |       |    40 ||    40
Dodge: Dodged            |    68 |    76 ||   144

Table legend: (Time is in decaauts)
 A = Elapsed time spent in this place.
 B = Non-inter-level travel time spent in this place.
 C = Inter-level travel time spent in this place.
 D = Time resting spent in this place.
 E = Time spent auto-exploring this place.
 F = Levels seen in this place.
 G = Mean time per level.
                   A        B        C        D        E       F      G
               +--------+--------+--------+--------+--------+-----+--------+
         Total |   4055 |   3956 |     99 |    790 |   2365 |   4 | 1013.8 |
       Dungeon |   4055 |   3956 |     99 |    790 |   2365 |   4 | 1013.8 |
               +--------+--------+--------+--------+--------+-----+--------+

Top non-repeatable levels by time:
     D:3: 1384 daAuts
     D:1: 1344 daAuts
     D:2: 1269 daAuts
     D:4: 57 daAuts
